 Dungeon Crawl Stone Soup version 0.16-a0-3946-g4f19e5c (console) character file.

694484 MrRokkomies the Shatterer (level 27, -8/441 (444) HPs)
             Began as an Ogre Warper on Jan 31, 2015.
             Was the Champion of the Shining One.
             Mangled by a tentacled monstrosity (9 damage)
             ... while paralysed
             ... in Pandemonium on Feb 9, 2015.
             The game lasted 11:34:57 (98199 turns).

MrRokkomies the Shatterer (Ogre Warper)            Turns: 98199, Time: 11:34:57

HP:   -8/441 (444)  AC:  0    Str: 29      XL:     27
MP:   36/40         EV:  5    Int:  0 (12) God:    the Shining One [******]
Gold: 3832          SH:  0    Dex: 14      Spells: 13 memorised, 0 levels left

rFire  . . .     SeeInvis .     a - melded +9 giant spiked club (holy)
rCold  . . .     Clarity  .     N - melded +3 steam dragon armour
rNeg   + + +     SustAb   .     (shield currently unavailable)
rPois  .         Gourm    .     w - melded +2 hat {MR+}
rElec  .         Spirit   .     Z - melded +2 cloak {rC+}
rCorr  .         Warding  .     (gloves unavailable)
rMut   .         Stasis   .     (boots unavailable)
MR     ++...                    s - melded amulet of resist mutation
Stlth  ..........               D - melded +2 ring of intelligence
                                g - melded ring "Sku Stie" {+Fly rElec rF+ Str-4 Dex+4 SInv}

@: paralysed, berserking, lethally poisoned (-8 -> -78), porcupine-form,
weakened, very slightly contaminated, hasted, lost intelligence, glowing,
constricted, repel missiles, quick, very resistant to hostile enchantments,
extremely unstealthy
A: unfitting armour, (antennae 0), clumsy 2, (electricity resistance), (tough
skin 0), no device heal 1, placid magic 1, MP-powered wands 2
a: Divine Shield, Cleansing Flame, Summon Divine Warrior, Renounce Religion
}: 4/15 runes: decaying, slimy, silver, gossamer


You were in Pandemonium.
You worshipped the Shining One.
The Shining One was exalted by your worship.
You were not hungry.
You were a spiny porcupine.
You visited 11 branches of the dungeon, and saw 60 of its levels.
You visited Pandemonium 1 time, and saw 17 of its levels.
You also visited: Labyrinth, Sewer, Bailey, Ice Cave and Wizlab.

You collected 9680 gold pieces.
You spent 4837 gold pieces at shops.

Inventory:

Hand weapons
 a - a +9 giant spiked club of holy wrath (melded)
 z - a +9 antimagic lajatang
Missiles
 q - 106 large rocks (quivered)
Armour
 w - a +2 hat of magic resistance (melded)
 N - a +3 steam dragon armour (melded)
 Z - a +2 cloak of cold resistance (melded)
Rods
 n - a +0 rod of inaccuracy (12/12)
   (You found it on level 1 of the Vaults)
 T - a +2 lightning rod (16/16)
   (You found it in a labyrinth)
Jewellery
 g - the ring "Sku Stie" (melded) {+Fly rElec rF+ Str-4 Dex+4 SInv}
   (You took it off a deep elf sorcerer on level 3 of the Elven Halls)

   [ring of protection from fire]

   It affects your strength (-4).
   It affects your dexterity (+4).
   It protects you from fire.
   It insulates you from electricity.
   It enhances your eyesight.
   It lets you fly.
 h - an uncursed amulet of regeneration
 m - a +5 ring of protection
 s - an amulet of resist mutation (melded)
 D - a +2 ring of intelligence (melded)
 L - an uncursed amulet of resist corrosion
 O - the ring "Jythre Rebe" {rF- rC+ AC+4 Dex+9}
   (You found it on level 3 of the Crypt)

   [ring of protection]

   It affects your AC (+4).
   It affects your dexterity (+9).
   It makes you vulnerable to fire.
   It protects you from cold.
 S - the macabre finger necklace {Ward rN+}
   (You took it off a tengu reaver on level 4 of the Depths)

   [amulet of warding]

   It may prevent the melee attacks of summoned creatures.
   It protects you from negative energy.
Magical devices
 l - a wand of hasting (7)
 H - a wand of digging (1)
 W - a wand of teleportation (8)
Scrolls
 b - 5 scrolls of recharging
 d - 25 scrolls of remove curse
 e - a scroll of silence
 p - 3 scrolls of magic mapping
 r - a scroll of enchant weapon
 A - 7 scrolls of teleportation
 G - 3 scrolls of immolation
 J - 10 scrolls of fog
 K - 4 scrolls of blinking
 P - 2 scrolls of summoning
 Q - 4 scrolls of identify
 R - 4 scrolls of holy word
Potions
 i - 5 potions of resistance
 j - 9 potions of agility
 o - 3 potions of haste
 u - 2 potions of magic
 E - 3 potions of cancellation
 F - 2 potions of heal wounds
 I - 2 potions of might
 V - 18 potions of curing
Miscellaneous
 c - a lamp of fire
 k - an ornate deck of changes {drawn: 2}
 t - a phial of floods
 y - a disc of storms
 B - a fan of gales
 X - a legendary deck of wonders {the Alchemist, drawn: 2}
 Y - a fan of gales
Comestibles
 f - 31 meat rations
 v - 35 bread rations
 x - 13 slices of pizza
 C - 4 fruits


   Skills:
 * Level 21.2 Fighting
 - Level 22.0(22.9) Maces & Flails
 - Level 9.4(14.0) Staves
 - Level 22.0 Throwing
 - Level 11.1 Armour
 - Level 20.0 Dodging
 - Level 5.1 Spellcasting
 - Level 8.0 Charms
 - Level 12.0 Translocations
 - Level 12.0 Ice Magic
 - Level 13.0 Invocations
 * Level 17.4 Evocations


You couldn't memorise any spells.
You knew the following spells:

 Your Spells              Type           Power        Failure   Level  Hunger
a - Apportation           Tloc           #.........   1%          1    ##.....
b - Blink                 Tloc           N/A          1%          2    ###....
c - Shroud of Golubria    Chrm/Tloc      #.........   1%          2    ###....
d - Repel Missiles        Chrm/Air       #.....       7%          2    ###....
e - Teleport Other        Tloc           #.......     1%          3    ####...
f - Ozocubu's Armour      Chrm/Ice       #.......     1%          3    ####...
g - Condensation Shield   Ice            #.........   1%          4    #####..
h - Passage of Golubria   Tloc           N/A          1%          4    #####..
i - Summon Butterflies    Summ           #.......     36%         1    ##.....
j - Swiftness             Chrm/Air       #.......     7%          2    ###....
k - Portal Projectile     Tloc           #.....       1%          3    ####...
l - Control Teleport      Chrm/Tloc      #.........   4%          4    #####..
m - Phase Shift           Tloc           #.........   5%          5    ######.


Dungeon Overview and Level Annotations

Branches:
Dungeon (15/15)            Temple (0/1) D:6            Lair (8/8) D:11
  Swamp (5/5) Lair:6       Spider (5/5) Lair:3        Slime (6/6) Lair:7
    Orc (4/4) D:11            Elf (3/3) Orc:3        Vaults (5/5) D:14
  Crypt (3/3) Vaults:2       Tomb (0/3) Crypt:3      Depths (5/5) D:15
   Hell (1/1)                 Dis (0/7) Hell            Geh (0/7) Hell
    Coc (0/7) Hell            Tar (0/7) Hell            Zot (0/5) Depths:5

Altars:
Ashenzari
Cheibriados
Fedhas
Kikubaaqudgha
Makhleb
Okawaru
Ru
Sif Muna
Vehumet
Xom
Yredelemnul
Zin
The Shining One
Beogh
Jiyva

Shops:
D:4 }   D:6 *   D:11 }   D:14 }   D:15 [   Orc:1 *   Orc:2 *:*   Orc:4 [!}!
Elf:3 *   Vaults:2 (:   Vaults:3 [   Depths:1 (

Portals:
Hell: Depths:1 Depths:2 Depths:3 Depths:4 Depths:5
Abyss: Depths:1 Depths:2 Depths:4
Pandemonium: Orc:4 Depths:1 Depths:3
Ziggurat: Depths:1

Annotations:
D:9 runed door
Orc:4 runed door
Pan Mnoleg


Innate Abilities, Weirdness & Mutations

You are too large for most types of armour.
((You have tough skin (AC +1).))
((You have a pair of small antennae on your head.))
You are very clumsy. (Dex -4)
((You are resistant to electric shocks.))
Potions and wands are less effective at restoring your health.
Your spells are a little easier to cast, but a little less powerful.
You expend magic power (6 MP) to strengthen your wands.


Message History

You are more poisoned.
The orange demon poisons you!
You feel as though you will be weak longer.
The orange demon stings you from afar.
* * * LOW HITPOINT WARNING * * *
You are lethally poisoned!
The orange demon poisons you!
You feel as though you will be weak longer.
Your daeva calls down the wrath of the Shining One upon the tentacled monstrosity.
The tentacled monstrosity is smitten.
The chaos spawn hits you!
* * * LOW HITPOINT WARNING * * *
Space bends around you.
* * * LOW HITPOINT WARNING * * *
The tentacled monstrosity tentacle-slaps you!!
* * * LOW HITPOINT WARNING * * *
The tentacled monstrosity tentacle-slaps you!
* * * LOW HITPOINT WARNING * * *
The tentacled monstrosity tentacle-slaps you.
* * * LOW HITPOINT WARNING * * *
You die...

.(...####...#....##....#.......#
..[[.# #...#....##....#..####.#
.(..f####...#....##....#.......#
.##..f.6s...#.#####.####.......#
......X######.#................#
{......# ....#............##..#
.......# ..............#...# ..#
...2...# ...........(.##...# .#
.......# .....44...........#
.......#.......3A..........#
.......#2......Xr..........#
...............ยง............
.........#####.....#####..
.##......# #.....#### .##......#
#......... .##......#
#.......... .##......#
#.......\..
.........#####..........
.......................
#######################


You could see a tentacled monstrosity, a cacodemon, 2 orange demons, a chaos
spawn and a friendly daeva.

Vanquished Creatures
  the royal jelly (Slime:6)
  3 ancient liches
  7 caustic shrikes
  Mara (Crypt:2)
  3 Killer Klowns (Pan)
  Geryon (Hell)
  7 golden dragons
  2 pandemonium lords (Pan)
  Jory (Crypt:3)
  A profane servitor (Crypt:3)
  A bone dragon (Crypt:3)
  Frederick (Vaults:5)
  2 Brimstone Fiends (Pan)
  the Enchantress (Depths:2)
  7 liches
  2 Ice Fiends (Pan)
  2 deep elf blademasters
  9 tentacled monstrosities
  3 titans
  Asterion (Swamp:5)
  2 sphinxes
  3 Shadow Fiends (Pan)
  2 deep elf master archers (Elf:3)
  2 quicksilver dragons
  8 acid blobs
  2 Executioners (Pan)
  An acid blob (shapeshifter) (Vaults:5)
  3 octopode crushers
  Rupert (Spider:3)
  Agnes (Depths:3)
  4 ancient champions
  5 storm dragons
  Frances (Spider:2)
  5 tengu reavers
  18 fire giants
  6 shadow dragons
  5 revenants
  13 azure jellies
  3 ghost moths (Spider:5)
  3 chaos champions (Pan)
  Maud (Lair:4)
  19 frost giants
  8 iron dragons
  3 black suns (Pan)
  6 deep elf sorcerers
  25 cacodemons (Pan)
  An orc warlord (Vaults:5)
  4 spriggan defenders
  20 vault wardens
  14 emperor scorpions
  A balrug (Depths:4)
  3 reapers (Hell)
  8 ghouls
  14 ironheart preservers
  22 very ugly things
  4 war gargoyles
  37 stone giants
  3 vampire knights
  2 blood saints (Pan)
  A salamander firebrand (Depths:5)
  A draconian caller (Depths:5)
  A purple draconian (Depths:5)
  9 deep elf demonologists
  3 corrupters (Pan)
  A black draconian (Depths:5)
  3 lorocyprocas (Pan)
  2 mottled draconians (Depths:5)
  16 deep elf annihilators
  12 dire elephants
  15 ettins
  5 eidola
  5 green deaths
  4 minotaurs
  3 merfolk javelineers
  2 unborn (Crypt:3)
  17 yaktaur captains
  A quicksilver dragon zombie (Vaults:5)
  6 deep elf death magi
  16 fire dragons
  16 jiangshi (Crypt:3)
  32 vault guards
  Josephine (Orc:3)
  A merfolk impaler (Depths:4)
  10 death oozes (Slime:6)
  4 death cobs (Crypt:3)
  8 great orbs of eyes
  3 deep elf high priests
  5 blizzard demons
  4 rakshasas
  Fannar (Lair:7)
  2 hell beasts (Pan)
  12 ice dragons
  A ghost crab (Swamp:4)
  5 monstrous demonspawn (Pan)
  A satyr (shapeshifter) (Vaults:4)
  Erica (D:11)
  13 deep troll earth magi
  5 spriggan air magi
  6 alligators
  15 centaur warriors
  24 hydras
  An anaconda (shapeshifter) (Vaults:2)
  42 death yaks
  A demigod zombie (Vaults:5)
  13 ogre magi
  A spectral fire giant (Crypt:3)
  5 deep troll shamans
  13 dancing weapons (Elf:2)
  28 wandering mushrooms
  3 tengu warriors
  5 vampire magi
  4 death knights
  3 catoblepae
  3 spriggan berserkers
  5 orc high priests (Orc:4)
  3 sun demons
  An iron golem (Hell)
  Nergalle (Orc:2)
  16 deep elf knights
  A salamander mystic (Depths:2)
  11 soul eaters
  6 ice devils
  3 iron trolls (Hell)
  22 hell knights
  An unseen horror (D:14)
  32 skeletal warriors
  2 giant orange brains (shapeshifter)
  A spectral anaconda (Swamp:4)
  21 deep trolls
  A ball lightning (D:14)
  8 shadow wraiths
  5 gelid demonspawn (Pan)
  9 infernal demonspawn
  6 shadow demons (Pan)
  7 flayed ghosts
  4 giant orange brains
  6 deep elf summoners
  A fire crab (shapeshifter) (Vaults:5)
  22 ironbrand convokers
  A death drake (shapeshifter) (Depths:2)
  10 putrid demonspawn
  7 wizards
  2 ice statues (IceCv)
  11 hill giants
  An orb spider (shapeshifter) (Depths:3)
  A harpy (Vaults:4)
  12 orc knights
  14 orc sorcerers
  8 swamp dragons
  An anubis guard (shapeshifter) (Vaults:3)
  2 lindwurms (shapeshifter)
  A harpy (shapeshifter) (Depths:4)
  8 griffons
  17 deep elf conjurers
  A shadow dragon zombie (Vaults:5)
  8 torturous demonspawn (Pan)
  4 cyclopes
  An iron dragon zombie (Crypt:2)
  20 necromancers
  A cyclops (shapeshifter) (Vaults:4)
  19 orb spiders
  A human zombie (Vaults:5)
  27 wolf spiders
  A shadow dragon skeleton (Vaults:5)
  13 oklob plants
  A tengu skeleton (Vaults:5)
  A moth of wrath (shapeshifter) (Depths:5)
  27 sixfirhies
  2 fire giant zombies (Crypt:1)
  7 manticores
  6 shining eyes
  2 phantasmal warriors
  4 moths of wrath
  A frost giant zombie (Crypt:2)
  64 ugly things
  11 blink frogs
  11 hornets
  6 salamanders
  A fire giant skeleton (Vaults:5)
  3 stone giant skeletons
  A centaur zombie (D:13)
  12 smoke demons
  25 elephants
  12 rust devils
  A black mamba (shapeshifter) (Vaults:5)
  20 spiny frogs
  5 torpor snails
  2 gargoyles
  5 eyes of devastation
  A guardian serpent (Pan)
  29 orange demons (Pan)
  5 elf skeletons (Elf:1)
  5 centaur skeletons
  A fire drake (Lair:6)
  A queen ant (Spider:1)
  An emperor scorpion zombie (Hell)
  12 vault sentinels
  4 black mambas
  5 komodo dragons
  14 demonic crawlers
  3 efreet
  A shock serpent skeleton (Crypt:1)
  8 swamp worm zombies (Crypt:2)
  A red draconian zombie (Crypt:2)
  A small abomination (Elf:2)
  19 hellwings
  A mottled draconian zombie (Crypt:1)
  An elf (shapeshifter) (Vaults:5)
  3 hellions (Pan)
  4 kobold demonologists (Vaults:3)
  66 yaktaurs
  An anaconda simulacrum (Hell)
  7 red devils
  3 tormentors (Pan)
  5 trolls
  A purple draconian skeleton (Crypt:1)
  2 jumping spiders (shapeshifter)
  38 jumping spiders
  2 silent spectres
  3 tengu conjurers
  A spriggan druid (Lair:8)
  2 hydra zombies
  16 blue devils
  15 freezing wraiths
  16 deep elf priests
  11 two-headed ogres
  A baby alligator (shapeshifter) (Depths:3)
  3 minotaur skeletons (Lab)
  5 giant leeches
  Grinder (D:5)
  13 bog bodies
  A fire vortex (Depths:2)
  6 polar bears
  2 harpy skeletons
  69 slime creatures
  3 hydra skeletons
  3 air elementals (Depths:5)
  11 ravens
  4 baby alligators
  A troll (shapeshifter) (Depths:3)
  A sphinx simulacrum (Vaults:1)
  6 boulder beetles
  A human simulacrum (Vaults:2)
  A hornet zombie (Crypt:2)
  8 shadows
  A wolf spider simulacrum (Crypt:3)
  A wind drake (shapeshifter) (D:15)
  A basilisk (shapeshifter) (Vaults:5)
  A shock serpent simulacrum (Crypt:2)
  A fire dragon zombie (Crypt:2)
  An ice dragon zombie (Crypt:2)
  An ice dragon skeleton (Depths:4)
  An ettin skeleton (Crypt:1)
  14 spriggans
  2 tarantellas (shapeshifter)
  56 flying skulls (Crypt:3)
  21 trapdoor spiders
  71 redbacks
  23 tarantellas
  2 basilisks
  2 spriggans (shapeshifter)
  14 water elementals
  29 deep elf magi
  3 wraiths
  A centaur simulacrum (D:14)
  4 fire bats (Depths:5)
  A golden eye (Slime:6)
  2 fire elementals (Hell)
  A spectral elf (Crypt:3)
  10 vampires
  9 ynoxinuls
  2 steam dragons
  A wind drake zombie (Crypt:1)
  A hill giant zombie (WizLab)
  4 wyverns
  12 hippogriffs
  40 deep elf fighters
  38 yaks
  A human (D:7)
  3 hungry ghosts
  A steam dragon (shapeshifter) (Depths:4)
  19 neqoxecs
  2 hill giant skeletons (WizLab)
  47 vampire mosquitoes
  13 porcupines
  Edmund (D:7)
  2 mottled dragons
  14 water moccasins
  6 wargs
  20 wolves
  9 chaos spawn
  28 swamp worms
  24 soldier ants
  A hell hound (Depths:2)
  21 large abominations
  27 spiders
  A deep troll skeleton (Crypt:2)
  An eye of draining (shapeshifter) (Vaults:1)
  Purgy (Sewer)
  11 ice beasts
  4 orc zombies (Orc:4)
  6 sky beasts
  15 swamp drakes
  2 spiny frog zombies (Hell)
  A snapping turtle zombie (Crypt:1)
  50 orc warriors
  A swamp dragon zombie (Crypt:1)
  8 black bears
  8 wasps
  39 ogres
  A black bear (shapeshifter) (Vaults:3)
  A spiny frog skeleton (Hell)
  3 phantoms
  A lost soul (Crypt:1)
  15 boggarts
  4 eyes of draining
  5 necrophages
  3 human skeletons (Vaults:1)
  2 boring beetles
  19 crocodiles
  Duvessa (D:5)
  4 brain worms (Pan)
  3 big kobolds
  30 centaurs
  A yaktaur zombie (Vaults:1)
  Blork the orc (D:5)
  23 giant frogs
  A gnoll sergeant (D:6)
  A glowing shapeshifter simulacrum (Vaults:1)
  2 wyvern skeletons
  A water moccasin zombie (Crypt:2)
  A warg zombie (Swamp:5)
  6 scorpions
  An elf simulacrum (Elf:1)
  2 killer bees (D:11)
  11 wights
  A swamp dragon simulacrum (Crypt:3)
  3 troll zombies (WizLab)
  2 electric eels
  A raiju skeleton (Crypt:2)
  2 troll skeletons (WizLab)
  A spriggan skeleton (Lab)
  2 iron imps (Pan)
  A quasit (Vaults:3)
  Dowan (D:5)
  31 orc priests
  5 crimson imps
  3 elf zombies
  22 jellies
  12 hounds
  14 iguanas
  4 giant frog skeletons
  28 orc wizards
  A two-headed ogre skeleton (Crypt:1)
  33 worker ants
  12 sheep
  A naga zombie (Crypt:1)
  An ogre zombie (WizLab)
  Ijyb (D:2)
  A demigod skeleton (Crypt:1)
  A hound zombie (D:8)
  7 ogre skeletons (WizLab)
  A naga skeleton (Crypt:1)
  2 worker ant zombies
  4 gnolls (D:6)
  42 river rats
  27 adders
  4 shadow imps
  5 giant mites
  5 white imps (IceCv)
  5 worms
  A giant eyeball (Pan)
  23 ufetubi
  An adder skeleton (D:8)
  A lava snake skeleton (Crypt:2)
  A spectral gnoll (Crypt:1)
  4 giant geckos
  3 oozes
  225 orcs
  3 ball pythons
  26 bats
  A bat zombie (Crypt:2)
  5 giant cockroaches
  32 goblins
  16 hobgoblins
  17 jackals
  21 kobolds
  5 giant newts
  A giant newt zombie (Crypt:1)
  3 giant spores
  4 orc skeletons
  11 quokkas
  11 rats
  A rat zombie (Crypt:2)
3423 creatures vanquished.

Vanquished Creatures (collateral kills)
  A caustic shrike (Depths:3)
  the Lernaean hydra (Swamp:5)
  Saint Roka (Swamp:5)
  2 Killer Klowns (Pan)
  Nikola (Spider:4)
  A deep elf blademaster (Elf:3)
  A shadow dragon (Vaults:4)
  A fire dragon (Depths:4)
  A fire giant (Depths:4)
  A frost giant (Depths:4)
  The ghost of inmateoo the Martial Artist, a powerful DrSk of Cheibriados (D:13)
  A deep elf sorcerer (Elf:3)
  A war gargoyle (Hell)
  A deep elf annihilator (Elf:3)
  A minotaur (Lab)
  Snorg (Swamp:5)
  A jiangshi (Crypt:3)
  2 deep elf death magi (Elf:3)
  A deep elf high priest (Elf:3)
  An ettin (Vaults:2)
  2 hydras (Swamp:5)
  2 centaur warriors (D:13)
  Nessos (Orc:3)
  2 wandering mushrooms
  An alligator (Swamp:3)
  8 death yaks
  5 hell knights
  A deep elf knight (Elf:3)
  4 large abominations (Pan)
  2 skeletal warriors (Crypt:3)
  3 shadow wraiths (Crypt:3)
  A shadow demon (Pan)
  3 swamp dragons
  A sixfirhy (Pan)
  2 orc knights
  4 ugly things
  2 orc sorcerers
  A shining eye (Pan)
  A cyclops (D:13)
  A raven (D:13)
  A stone giant skeleton (Hell)
  A rust devil (Pan)
  4 elephants
  A komodo dragon (Lair:3)
  2 spiny frogs
  3 orange demons
  A fire drake (Lair:8)
  A troll (D:13)
  3 freezing wraiths (Crypt:3)
  Prince Ribbit (Lair:3)
  A bog body (Swamp:3)
  A baby alligator (Swamp:1)
  2 hydra skeletons
  A deep elf mage (Elf:3)
  A giant leech (Swamp:1)
  2 redbacks (Spider:3)
  A flying skull (Crypt:3)
  3 spriggans
  2 yaks (Lair:6)
  A shadow (Swamp:3)
  A neqoxec (Pan)
  A wraith (Crypt:3)
  4 wolves
  A vampire mosquito (Swamp:1)
  A hungry ghost (D:11)
  A swamp worm (Swamp:1)
  A warg (Swamp:5)
  A water moccasin (Swamp:1)
  5 swamp drakes (Swamp:5)
  7 orc warriors
  A wasp (Swamp:1)
  A black bear (Lair:8)
  2 boggarts
  2 ogres (D:13)
  4 centaurs (D:13)
  An elf zombie (Hell)
  2 swamp dragon skeletons (Swamp:5)
  A small abomination (Crypt:3)
  2 giant frogs
  A killer bee (D:11)
  A vampire bat (D:12)
  2 hounds
  6 orc priests
  An orc wizard (D:11)
  2 iguanas
  3 swamp drake skeletons (Swamp:5)
  An ufetubus (Elf:3)
  22 orcs
  A kobold (D:10)
  A butterfly (Lair:1)
  7 toadstools
189 creatures vanquished.

Vanquished Creatures (others)
  A lich (Vaults:4)
  An eldritch tentacle (Pan)
  2 tengu reavers
  3 angels
  A ghoul (Vaults:2)
  13 oklob plants
  An ettin (Depths:3)
  A minotaur (Depths:4)
  A yaktaur captain (Vaults:4)
  A centaur warrior (Depths:3)
  A hydra (Vaults:4)
  An anaconda (shapeshifter) (Vaults:5)
  A deep elf knight (Vaults:4)
  An orc knight (Vaults:3)
  A wolf spider zombie (D:14)
  An ugly thing (D:15)
  A jumping spider (Vaults:5)
  A two-headed ogre (D:15)
  2 bog bodies (Swamp:4)
  A basilisk (Spider:4)
  2 flying skulls (Crypt:3)
  A shadow (D:13)
  A water elemental (Orc:3)
  A redback (Vaults:5)
  A large abomination (Vaults:3)
  A deep elf fighter (Elf:3)
  A chimera (Lair:2)
  A swamp worm (Swamp:4)
  4 mottled dragons
  66 wandering mushrooms
  A water moccasin (Swamp:2)
  4 spiders
  An ogre (Vaults:5)
  3 wasps
  6 lost souls
  A giant frog (D:13)
  An ogre simulacrum (Vaults:1)
  2 scorpions
  17 killer bees
  A crimson imp (Hell)
  5 goliath beetles
  A jelly (Slime:5)
  An orc priest (Orc:4)
  10 worker ants
  A worker ant zombie (D:10)
  6 worms
  3 white imps (IceCv)
  3 ufetubi (IceCv)
  2 giant spores
  A butterfly (Depths:3)
  131 eldritch tentacle segments (Pan)
  17 fungi
  9 plants
  1991 toadstools
2333 creatures vanquished.

Grand Total: 5945 creatures vanquished

Notes
Turn   | Place    | Note
--------------------------------------------------------------
     0 | D:1      | MrRokkomies, the Ogre Warper, began the quest for the Orb.
     0 | D:1      | Reached XP level 1. HP: 22/22 MP: 3/3
    65 | D:1      | Reached skill level 3 in Fighting
    65 | D:1      | Reached XP level 2. HP: 22/31 MP: 5/5
    88 | D:1      | Learned a level 2 spell: Blink
    91 | D:1      | Learned a level 2 spell: Shroud of Golubria
   353 | D:1      | Reached XP level 3. HP: 34/37 MP: 6/6
   964 | D:2      | Reached skill level 4 in Fighting
  1072 | D:2      | Reached XP level 4. HP: 45/48 MP: 8/8
  1097 | D:2      | Noticed Ijyb
  1116 | D:2      | Killed Ijyb
  1671 | D:3      | Noticed an ogre
  1991 | D:2      | Reached XP level 5. HP: 44/55 MP: 9/9
  2126 | D:3      | Reached skill level 5 in Fighting
  2419 | D:3      | Killed an ogre
  2419 | D:3      | Reached skill level 5 in Maces & Flails
  2419 | D:3      | Reached XP level 6. HP: 64/66 MP: 11/11
  2679 | D:4      | Found a glowing drain.
  2711 | Sewer    | Entered a sewer
  2994 | Sewer    | Noticed Purgy
  3016 | Sewer    | Killed Purgy
  3016 | Sewer    | Reached skill level 6 in Fighting
  3145 | D:4      | You fall through a shaft for 3 floors!
  3207 | D:7      | Learned a level 2 spell: Repel Missiles
  3263 | D:6      | Reached XP level 7. HP: 13/76 MP: 4/12
  3512 | D:5      | Entered Level 5 of the Dungeon
  3565 | D:5      | Reached skill level 7 in Fighting
  3595 | D:5      | Noticed Blork the orc
  3606 | D:5      | Killed Blork the orc
  3811 | D:4      | Found a blossoming altar of Fedhas.
  3833 | D:4      | Became a worshipper of Fedhas Madash
  3946 | D:4      | Reached XP level 8. HP: 84/88 MP: 14/14
  4013 | D:4      | Found Siagaf's Gadget Shop.
  4046 | D:4      | Found an iron altar of Okawaru.
  4049 | D:4      | Found a basalt altar of Yredelemnul.
  4053 | D:4      | Found a sacrificial altar of Ru.
  4595 | D:5      | Found a radiant altar of Vehumet.
  4596 | D:5      | Found a burning altar of Makhleb.
  4626 | D:5      | Reached skill level 8 in Fighting
  4653 | D:5      | Noticed Dowan
  4654 | D:5      | Noticed Duvessa
  4682 | D:5      | Killed Dowan
  4707 | D:5      | Killed Duvessa
  4813 | D:5      | Found a glowing golden altar of the Shining One.
  4991 | D:5      | Noticed Grinder
  5119 | D:5      | Paralysed by Grinder for 3 turns
  5126 | D:5      | Killed Grinder
  5126 | D:5      | Reached skill level 9 in Fighting
  5702 | D:6      | Reached XP level 9. HP: 99/101 MP: 15/15
  5789 | D:6      | Found a staircase to the Ecumenical Temple.
  5886 | D:6      | Reached skill level 10 in Fighting
  6016 | D:6      | Acquired Fedhas' first power
  6075 | D:6      | Reached skill level 10 in Maces & Flails
  6266 | D:6      | Found Pacoan's Assorted Antiques.
  6290 | D:6      | Bought a scroll of identify for 60 gold pieces
  6433 | D:7      | Noticed Edmund
  6437 | D:7      | Killed Edmund
  6568 | D:7      | Reached skill level 1 in Charms
  6762 | D:7      | Noticed a steam dragon
  6767 | D:7      | Killed a steam dragon
  6797 | D:7      | Found a glowing silver altar of Zin.
  6827 | D:7      | Noticed a yak
  6827 | D:7      | Noticed a human
  6842 | D:7      | Killed a human
  6854 | D:7      | Killed a yak
  6903 | D:7      | Found a shattered altar of Ashenzari.
  6921 | D:7      | Found a snail-covered altar of Cheibriados.
  6931 | D:7      | Found a deep blue altar of Sif Muna.
  7217 | D:8      | Acquired Fedhas' second power
  7264 | D:8      | Reached skill level 11 in Maces & Flails
  7532 | D:8      | Reached skill level 5 in Dodging
  7590 | D:8      | Reached XP level 10. HP: 90/103 MP: 17/17
  7602 | D:8      | Reached skill level 1 in Evocations
  7926 | D:9      | Found a flagged portal.
  7941 | Bailey   | Entered a bailey
  7950 | Bailey   | Learned a level 3 spell: Teleport Other
  8168 | Bailey   | Acquired Fedhas' third power
  8898 | Bailey   | Noticed an orc knight
  8910 | Bailey   | Killed an orc knight
  8936 | Bailey   | Got a slimy executioner's axe
  9146 | Bailey   | Identified the +5 executioner's axe of Fiabra {freeze, MP+9 Str+5 SInv} (You found it in a bailey)
  9310 | D:9      | Identified a scroll of acquirement
  9579 | D:9      | Found a runed door.
 10077 | D:10     | Entered Level 10 of the Dungeon
 10325 | D:10     | Reached skill level 12 in Maces & Flails
 10577 | D:10     | Acquired Fedhas' fourth power
 10917 | D:10     | Reached skill level 5 in Evocations
 10917 | D:10     | Reached XP level 11. HP: 96/110 MP: 19/19
 11473 | D:11     | Found a staircase to the Lair.
 11593 | D:11     | Found Diofaf's Gadget Emporium.
 11870 | D:11     | Found a staircase to the Orcish Mines.
 12389 | D:11     | Noticed Erica
 12397 | D:11     | Killed Erica
 12452 | Lair:1   | Entered Level 1 of the Lair of Beasts
 12585 | Lair:1   | Reached skill level 13 in Maces & Flails
 14329 | Lair:2   | Noticed a five-headed hydra
 14339 | Lair:2   | Killed a five-headed hydra
 14781 | Lair:3   | Reached XP level 12. HP: 69/119 MP: 19/23
 15273 | Lair:3   | Noticed a death yak
 15274 | Lair:3   | Noticed a death yak
 15276 | Lair:3   | Noticed a death yak
 15277 | Lair:3   | Noticed a death yak
 15280 | Lair:3   | Noticed a death yak
 15378 | Lair:3   | Noticed a death yak
 15378 | Lair:3   | Noticed a death yak
 15829 | Lair:2   | Killed a death yak
 15829 | Lair:2   | Reached skill level 1 in Invocations
 15831 | Lair:2   | Killed a death yak
 15858 | Lair:2   | Reached skill level 10 in Dodging
 16226 | Lair:3   | Killed a death yak
 16233 | Lair:2   | Killed a death yak
 16452 | Lair:2   | Killed a death yak
 16457 | Lair:2   | Killed a death yak
 16469 | Lair:3   | Killed a death yak
 16469 | Lair:3   | Reached skill level 5 in Invocations
 16629 | Lair:3   | Reached skill level 14 in Maces & Flails
 16908 | Lair:3   | Noticed Prince Ribbit
 16941 | Lair:3   | Killed Prince Ribbit
 17238 | Lair:3   | Reached XP level 13. HP: 93/126 MP: 24/24
 17244 | Lair:3   | Found a hole to the Spider Nest.
 19465 | Lair:4   | Noticed Maud
 19497 | Lair:4   | Killed Maud
 20287 | Lair:5   | Reached skill level 15 in Maces & Flails
 20890 | Lair:5   | Got a warped flail
 21501 | Lair:6   | Acquired Fedhas' fifth power
 21851 | Lair:6   | Found a staircase to the Swamp.
 22484 | Lair:6   | Reached XP level 14. HP: 136/136 MP: 27/27
 23062 | Lair:7   | Noticed Fannar
 23083 | Lair:7   | Reached skill level 10 in Invocations
 23271 | Lair:7   | Killed Fannar
 23582 | Lair:7   | Learned a level 3 spell: Ozocubu's Armour
 23587 | Lair:7   | Learned a level 4 spell: Condensation Shield
 23681 | Lair:7   | Found a viscous altar of Jiyva.
 23683 | Lair:7   | Found a staircase to the Slime Pits.
 24188 | Lair:8   | Entered Level 8 of the Lair of Beasts
 24282 | Lair:8   | Reached skill level 5 in Throwing
 24973 | Lair:8   | Reached skill level 16 in Maces & Flails
 25443 | Lair:8   | Identified the cursed -1 flail "Epna" {crush, rC+} (You found it on level 5 of the Lair of Beasts)
 25741 | Lair:8   | Reached skill level 10 in Evocations
 26239 | Lair:3   | Reached skill level 1 in Ice Magic
 26296 | Lair:1   | Upgraded the game from 0.16-a0-3855-gd2600ac to 0.16-a0-3873-g452e4d5
 26448 | Orc:1    | Entered Level 1 of the Orcish Mines
 26643 | D:11     | Bought a +1 rod of the swarm (13/13) for 1140 gold pieces
 26877 | Orc:3    | Identified a -2 rod of shadows (9/9) (You took it off a spriggan on level 8 of the Lair of Beasts)
 26907 | Orc:3    | Reached XP level 15. HP: 72/149 MP: 28/28
 27256 | Orc:3    | Found a staircase to the Elven Halls.
 27584 | Orc:3    | Noticed Nessos
 27607 | Orc:3    | Killed Nessos
 28118 | Orc:2    | Found Trys' General Store.
 28418 | Orc:2    | Found Theohech's Assorted Antiques.
 28420 | Orc:2    | Found a shimmering altar of Xom.
 28473 | Orc:2    | Found Breagar's Book Boutique.
 28552 | Orc:2    | Noticed Nergalle
 28588 | Orc:2    | Killed Nergalle
 28782 | Orc:1    | Found Muehopir's General Store.
 28836 | Orc:1    | Bought a scroll of enchant armour for 75 gold pieces
 28836 | Orc:1    | Bought a scroll of enchant weapon for 75 gold pieces
 29083 | Orc:4    | Entered Level 4 of the Orcish Mines
 29135 | Orc:4    | Found a runed door.
 29184 | Orc:4    | Paralysed by an orc sorcerer for 4 turns
 29807 | D:12     | Found a labyrinth entrance.
 29848 | Lab      | Entered a labyrinth
 30813 | Lab      | Got a brightly glowing robe
 30825 | Lab      | Identified the +2 robe "Bubloip" {rPois- rN+ SInv Stlth+} (You found it in a labyrinth)
 31674 | D:13     | Noticed inmateoo's ghost (powerful DrSk)
 32337 | D:13     | Killed inmateoo's ghost
 33356 | D:13     | Reached skill level 10 in Throwing
 33655 | D:14     | Found a gate to the Vaults.
 33661 | D:14     | Was placed under penance by Fedhas
 33661 | D:14     | Reached skill level 5 in Ice Magic
 33661 | D:14     | Reached skill level 17 in Maces & Flails
 33851 | D:14     | Reached XP level 16. HP: 99/158 MP: 29/29
 34144 | D:14     | Found Smar's Gadget Shoppe.
 34312 | D:14     | Found a shimmering altar of Xom.
 34679 | Orc:4    | Found a shimmering altar of Xom.
 35250 | Orc:4    | Found Thixtokk's Distillery.
 35252 | Orc:4    | Found Nibladwi's Distillery.
 35303 | Orc:4    | Bought a potion of heal wounds for 80 gold pieces
 35303 | Orc:4    | Bought a potion of heal wounds for 80 gold pieces
 35491 | Orc:4    | Paralysed by an orc sorcerer for 6 turns
 36172 | Orc:4    | Found Crycaok's Gadget Shop.
 36172 | Orc:4    | Found Jeg Duolo's Antique Armour Boutique.
 36172 | Orc:4    | Found a one-way gate leading to the halls of Pandemonium.
 36184 | Orc:4    | Bought an embroidered hat for 132 gold pieces
 36191 | Orc:4    | Bought a lantern of shadows for 300 gold pieces
 36572 | Orc:4    | Found a roughly hewn altar of Beogh.
 36753 | D:15     | Entered Level 15 of the Dungeon
 36838 | D:15     | Upgraded the game from 0.16-a0-3873-g452e4d5 to 0.16-a0-3884-g0a5f664
 37786 | D:15     | Found Treakib's Armour Emporium.
 37788 | D:15     | Bought a +1 cloak of invisibility for 280 gold pieces
 37821 | D:15     | Reached skill level 1 in Armour
 38493 | D:15     | Was forgiven by Fedhas
 38814 | D:15     | Found a staircase to the Depths.
 38991 | Orc:2    | Bought a book of Battle for 480 gold pieces
 39315 | Swamp:1  | Entered Level 1 of the Swamp
 39594 | Spider:1 | Entered Level 1 of the Spider Nest
 39686 | Spider:1 | Reached XP level 17. HP: 143/175 MP: 30/30
 39731 | Spider:1 | Reached skill level 18 in Maces & Flails
 39923 | Spider:1 | Found a frozen archway.
 39975 | IceCv    | Entered an ice cave
 40393 | IceCv    | Got a steaming demon whip
 40636 | Spider:1 | Identified the +3 demon whip "Pnig" {vamp, -Tele rElec Str+7 Int+3} (You found it in an ice cave)
 40659 | Spider:1 | Reached skill level 5 in Armour
 41921 | Spider:2 | Noticed Frances
 42814 | Spider:2 | Killed Frances
 43222 | Spider:3 | Noticed Rupert
 43235 | Spider:3 | Killed Rupert
 44350 | Spider:4 | Noticed Nikola
 44387 | Spider:4 | Killed Nikola
 44776 | Spider:4 | Got a translucent ivory ring
 44777 | Spider:4 | Identified the ring "Alifo" {rPois+ Dex+3} (You found it on level 4 of the Spider Nest)
 44790 | Spider:4 | Reached skill level 15 in Fighting
 45137 | Spider:4 | Reached XP level 18. HP: 145/193 MP: 23/30
 45931 | Spider:5 | Entered Level 5 of the Spider Nest
 47101 | Spider:5 | Reached skill level 19 in Maces & Flails
 48815 | Spider:5 | Got a gossamer rune of Zot
 49091 | Lair:1   | Learned a level 3 spell: Regeneration
 50626 | Swamp:2  | Identified a +0 rod of destruction (12/12) (You found it on level 2 of the Swamp)
 51763 | Swamp:3  | Reached XP level 19. HP: 94/201 MP: 32/32
 53317 | Swamp:5  | Entered Level 5 of the Swamp
 53471 | Swamp:5  | Noticed Asterion
 53500 | Swamp:5  | Killed Asterion
 53704 | Swamp:5  | Noticed the 27-headed Lernaean hydra
 53712 | Swamp:5  | Killed the 27-headed Lernaean hydra
 53727 | Swamp:5  | Noticed Snorg
 53730 | Swamp:5  | Upgraded the game from 0.16-a0-3884-g0a5f664 to 0.16-a0-3909-g31f9ca0
 53732 | Swamp:5  | Noticed Saint Roka
 53751 | Swamp:5  | Killed Snorg
 53758 | Swamp:5  | Killed Saint Roka
 54053 | Swamp:5  | Got a decaying rune of Zot
 54781 | Vaults:1 | Entered Level 1 of the Vaults
 55305 | Vaults:1 | Reached skill level 20 in Maces & Flails
 55567 | Vaults:1 | Identified a +0 rod of inaccuracy (12/12) (You found it on level 1 of the Vaults)
 56117 | Vaults:1 | Reached skill level 15 in Dodging
 56669 | Vaults:1 | Reached XP level 20. HP: 50/210 MP: 34/34
 58239 | Vaults:2 | Found Skizaseo's Book Shop.
 58262 | Vaults:2 | Bought a book of Party Tricks for 600 gold pieces
 58264 | Vaults:2 | Learned a level 1 spell: Summon Butterflies
 58709 | Vaults:2 | Found Xounyuc's Weapon Shoppe.
 59335 | Vaults:2 | Found a staircase to the Crypt.
 60194 | Vaults:3 | Reached skill level 5 in Spellcasting
 60294 | Vaults:3 | Found Ammak's Armour Shop.
 61927 | Vaults:3 | Reached XP level 21. HP: 85/218 MP: 29/35
 62424 | Vaults:3 | Learned a level 2 spell: Swiftness
 62447 | Vaults:3 | Reached skill level 5 in Charms
 64958 | Lair:1   | Learned a level 3 spell: Portal Projectile
 64963 | Lair:1   | Learned a level 4 spell: Control Teleport
 65084 | Depths:1 | Entered Level 1 of the Depths
 65120 | Depths:1 | Found a one-way gate to the infinite horrors of the Abyss.
 65148 | Depths:1 | Reached skill level 21 in Maces & Flails
 65206 | Depths:1 | Found a gateway to Hell.
 65214 | Depths:1 | Found a magical portal.
 65217 | WizLab   | Entered Zonguldrok's Shrine
 65449 | WizLab   | Noticed an antique lich
 65462 | WizLab   | Killed an antique lich
 65863 | Depths:1 | Reached XP level 22. HP: 117/227 MP: 36/36
 66228 | Depths:1 | Found a gateway to a ziggurat.
 66529 | Depths:1 | Found Rarph's Weapon Boutique.
 66723 | Depths:1 | Gained mutation: Your flesh is cold resistant. [potion of beneficial mutation]
 66818 | Depths:1 | Reached skill level 22 in Maces & Flails
 67060 | Depths:1 | Reached skill level 15 in Throwing
 67761 | Depths:2 | Noticed the Enchantress
 67773 | Depths:2 | Killed the Enchantress
 68438 | Depths:2 | Got a faerie dragon armour
 68439 | Depths:2 | Identified the +1 faerie dragon armour {MP+5 Slay+2} (You took it off the Enchantress on level 2 of the Depths)
 68854 | Depths:2 | Upgraded the game from 0.16-a0-3909-g31f9ca0 to 0.16-a0-3913-g9d9d7ce
 68975 | Depths:3 | Found a glowing golden altar of the Shining One.
 68975 | Depths:3 | Found a glowing silver altar of Zin.
 68975 | Depths:3 | Found a deep blue altar of Sif Muna.
 69085 | Depths:3 | Reached XP level 23. HP: 223/238 MP: 36/36
 69191 | Depths:3 | Noticed a caustic shrike
 69192 | Depths:3 | Noticed a caustic shrike
 69196 | Depths:3 | Noticed a caustic shrike
 69198 | Depths:3 | Noticed a caustic shrike
 69202 | Depths:3 | Noticed a caustic shrike
 69202 | Depths:3 | Noticed a caustic shrike
 69204 | Depths:3 | Killed a caustic shrike
 69485 | Depths:4 | Killed a caustic shrike
 69549 | Depths:4 | Reached skill level 5 in Translocations
 70060 | Depths:3 | Killed a caustic shrike
 70418 | Depths:2 | Paralysed by a great orb of eyes for 4 turns
 70914 | Depths:3 | Noticed Agnes
 70920 | Depths:3 | Killed Agnes
 71287 | Depths:3 | Noticed a caustic shrike
 71797 | Elf:1    | Entered Level 1 of the Elven Halls
 71799 | Elf:1    | Noticed Josephine
 71813 | Orc:3    | Killed Josephine
 73101 | Elf:2    | Found a huge runed gate.
 73101 | Elf:2    | Found a huge runed gate.
 73101 | Elf:2    | Found a huge runed gate.
 73101 | Elf:2    | Found a huge runed gate.
 73101 | Elf:2    | Found a huge runed gate.
 73166 | Elf:2    | Reached XP level 24. HP: 183/252 MP: 28/37
 74046 | Elf:3    | Entered Level 3 of the Elven Halls
 74079 | Elf:3    | Found Greeleite's Assorted Antiques.
 75168 | Elf:3    | Got a coiled bronze ring
 75209 | Elf:3    | Identified the ring "Sku Stie" {+Fly rElec rF+ Str-4 Dex+4 SInv} (You took it off a deep elf sorcerer on level 3 of the Elven Halls)
 75262 | Elf:3    | Identified the Volume of Lethal Snow
 75269 | Elf:3    | Identified The Intricacies of Spellweaving
 75381 | Elf:3    | Got a steaming robe
 75382 | Elf:3    | Identified the +1 robe of the Shoals {rF++ Dex+2} (You took it off a deep elf knight on level 3 of the Elven Halls)
 76073 | D:10     | Noticed a hill giant
 76078 | D:10     | Killed a hill giant
 76258 | D:5      | Fell from the grace of Fedhas
 76258 | D:5      | Became a worshipper of the Shining One
 76776 | Crypt:1  | Entered Level 1 of the Crypt
 76787 | Crypt:1  | Upgraded the game from 0.16-a0-3913-g9d9d7ce to 0.16-a0-3926-g4728e1c
 76790 | Crypt:1  | Acquired the Shining One's first power
 76959 | Crypt:1  | Acquired the Shining One's second power
 77363 | Crypt:1  | Acquired the Shining One's third power
 77633 | Crypt:2  | Acquired the Shining One's fourth power
 77690 | Crypt:2  | Noticed Mara
 77707 | Crypt:2  | Noticed MrRokkomies' illusion
 77830 | Crypt:2  | Killed Mara
 78321 | Crypt:2  | Reached XP level 25. HP: 254/264 MP: 37/37
 78641 | Crypt:3  | Entered Level 3 of the Crypt
 79066 | Depths:3 | Killed a caustic shrike
 79110 | Depths:3 | Identified a +9 giant spiked club of holy wrath (a +9 giant spiked club of protection blessed by the Shining One)
 79794 | Crypt:3  | Reached skill level 10 in Armour
 79815 | Crypt:3  | Found an ancient bone altar of Kikubaaqudgha.
 79830 | Crypt:3  | Reached skill level 1 in Staves
 80018 | Crypt:3  | Gained mutation: Your system is resistant to poisons. [helix card]
 80153 | Crypt:3  | Identified the Compendium of the Birds (You found it on level 3 of the Crypt)
 80180 | Crypt:3  | Noticed an ancient lich
 80204 | Crypt:3  | Killed an ancient lich
 80279 | Crypt:3  | Noticed Jory
 80285 | Crypt:3  | Killed Jory
 80372 | Crypt:3  | Found a staircase to the Tomb.
 80414 | Crypt:3  | Got a brightly glowing amber ring
 80415 | Crypt:3  | Identified the ring "Char Esu" {rN+ Dex+2 Slay-6 SInv Stlth+} (You found it on level 3 of the Crypt)
 80417 | Crypt:3  | Got a bound iron ring
 80418 | Crypt:3  | Identified the ring of Fedhas' Delight {-Tele +Inv rPois- rC+ rN+ Stlth+} (You found it on level 3 of the Crypt)
 80420 | Crypt:3  | Got a vibrating steel ring
 80421 | Crypt:3  | Identified the ring of Otigomn {rN+ Dex+3 SInv} (You found it on level 3 of the Crypt)
 80509 | Crypt:3  | Got a warped granite ring
 80510 | Crypt:3  | Identified the ring "Jythre Rebe" {rF- rC+ AC+4 Dex+9} (You found it on level 3 of the Crypt)
 80513 | Crypt:3  | Upgraded the game from 0.16-a0-3926-g4728e1c to 0.16-a0-3939-g9a3e665
 80530 | Crypt:3  | Reached skill level 5 in Staves
 80658 | Crypt:3  | Identified the Almanac of Fiery Attacks (You found it on level 3 of the Crypt)
 81661 | Depths:3 | Noticed a caustic shrike
 81665 | Depths:3 | Killed a caustic shrike
 81819 | Depths:3 | Killed a caustic shrike
 81994 | Depths:3 | Killed a caustic shrike
 81994 | Depths:3 | Reached XP level 26. HP: 274/278 MP: 38/38
 82417 | Depths:3 | Killed a caustic shrike
 82615 | Depths:3 | Hired Loosom the minotaur for 1011 gold.
 82695 | Depths:4 | Your ally Loosom died
 83354 | Depths:4 | Noticed an ancient lich
 83361 | Depths:4 | Killed an ancient lich
 83394 | Depths:4 | Identified the Papyrus of Feathers and Evil
 84534 | Depths:5 | Entered Level 5 of the Depths
 84673 | Depths:5 | Was forgiven by Fedhas
 85200 | Depths:5 | Found a gate to the Realm of Zot.
 85487 | Depths:5 | Reached XP level 27. HP: 245/289 MP: 38/38
 86050 | Hell     | Entered the Vestibule of Hell
 86050 | Hell     | Noticed Geryon
 86068 | Hell     | Killed Geryon
 86149 | Hell     | Found a gateway to the freezing wastes of Cocytus.
 86435 | Hell     | Found a gateway to the Iron City of Dis.
 86547 | Hell     | Found a gateway to the ashen valley of Gehenna.
 86624 | Hell     | Found a gateway to the decaying netherworld of Tartarus.
 87403 | Slime:1  | Entered Level 1 of the Pits of Slime
 87681 | Slime:6  | Entered Level 6 of the Pits of Slime
 87911 | Slime:5  | Gained mutation: Armour fits poorly on your strangely shaped body. [a shining eye]
 88133 | Slime:6  | Found a viscous altar of Jiyva.
 88154 | Slime:6  | Noticed the royal jelly
 88188 | Slime:6  | Killed the royal jelly
 88188 | Slime:6  | Reached skill level 10 in Ice Magic
 88401 | Slime:6  | Got a slimy rune of Zot
 88425 | Slime:6  | Identified Plarr's Compendium of Indemnity (You found it on level 6 of the Pits of Slime)
 88764 | Lair:1   | Upgraded the game from 0.16-a0-3939-g9a3e665 to 0.16-a0-3940-gf8a207b
 88769 | Lair:1   | Learned a level 4 spell: Passage of Golubria
 88775 | Lair:1   | Learned a level 5 spell: Phase Shift
 88886 | Orc:4    | Bought a potion of resistance for 130 gold pieces
 88886 | Orc:4    | Bought a potion of haste for 130 gold pieces
 88886 | Orc:4    | Bought a potion of cure mutation for 455 gold pieces
 88886 | Orc:4    | Bought 2 potions of resistance for 260 gold pieces
 88886 | Orc:4    | Lost mutation: Your flesh is cold resistant. [potion of cure mutation]
 88886 | Orc:4    | Lost mutation: Your system is resistant to poisons. [potion of cure mutation]
 88886 | Orc:4    | Lost mutation: Armour fits poorly on your strangely shaped body. [potion of cure mutation]
 88889 | Orc:4    | Bought a potion of cure mutation for 560 gold pieces
 89048 | D:14     | Gained mutation: You can breathe flames. [potion of mutation]
 89048 | D:14     | Gained mutation: Your body is slowly deteriorating. [potion of mutation]
 89048 | D:14     | Gained mutation: You are weak. (Str -2) [potion of mutation]
 89049 | D:14     | Lost mutation: Your body is slowly deteriorating. [potion of cure mutation]
 89049 | D:14     | Lost mutation: You are weak. (Str -2) [potion of cure mutation]
 89049 | D:14     | Lost mutation: You can breathe flames. [potion of cure mutation]
 89208 | Vaults:1 | Gained mutation: You are resistant to electric shocks. [potion of mutation]
 89208 | Vaults:1 | Gained mutation: You have a pair of small antennae on your head. [potion of mutation]
 89208 | Vaults:1 | Gained mutation: You are clumsy. (Dex -2) [potion of mutation]
 89473 | Vaults:5 | Entered Level 5 of the Vaults
 90800 | Vaults:5 | Got a silver rune of Zot
 91636 | Vaults:5 | Got a scorched cloak
 91647 | Vaults:5 | Identified the +0 cloak "Oheex" {rC+} (You found it on level 5 of the Vaults)
 91686 | Vaults:5 | Identified Pyhydeuf's Tome of Attacks and Poisoning (You found it on level 5 of the Vaults)
 91774 | Vaults:5 | Noticed Frederick
 91791 | Vaults:5 | Killed Frederick
 91924 | Vaults:5 | Got a glittering steel ring
 91926 | Vaults:5 | Identified the ring of Autumn {rC+ MP-9 Dex+4} (You found it on level 5 of the Vaults)
 92638 | D:14     | Upgraded the game from 0.16-a0-3940-gf8a207b to 0.16-a0-3943-gb4b81e6
 92743 | Pan      | Entered Pandemonium
 92880 | Pan      | Noticed Mennas
 92914 | Pan      | Noticed Stroa the pandemonium lord
 92920 | Pan      | Gained mutation: Potions and wands are less effective at restoring your health. [a cacodemon]
 92924 | Pan      | Paralysed by a giant eyeball for 3 turns
 93026 | Pan      | Reached skill level 10 in Translocations
 93297 | Pan      | Reached skill level 15 in Evocations
 93515 | Pan      | Gained mutation: You expend magic power (3 MP) to slightly strengthen your wands. [a neqoxec]
 93965 | Pan      | Gained mutation: You expend magic power (6 MP) to strengthen your wands. [a neqoxec]
 93966 | Pan      | Gained mutation: You are very clumsy. (Dex -4) [a neqoxec]
 94182 | Pan      | Noticed Reen the pandemonium lord
 94193 | Pan      | Killed Reen the pandemonium lord
 94393 | Pan      | Found an exit through the horrors of the Abyss.
 94533 | Pan      | Noticed Eruawk the pandemonium lord
 94545 | Pan      | Killed Eruawk the pandemonium lord
 94574 | Pan      | Upgraded the game from 0.16-a0-3943-gb4b81e6 to 0.16-a0-3946-g4f19e5c
 94901 | Pan      | Entered the realm of Mnoleg.
 94950 | Pan      | Found an exit through the horrors of the Abyss.
 95146 | Pan      | Gained mutation: Your spells are a little easier to cast, but a little less powerful. [a neqoxec]
 95924 | Pan      | Lost intelligence.
 95939 | Pan      | HP: 5/290 [tentacled monstrosity (11)]
 95939 | Pan      | HP: 1/290 [tentacled monstrosity (4)]
 96309 | Pan      | Noticed Mnoleg
 96309 | Pan      | Paralysed by a giant eyeball for 2 turns
 98196 | Pan      | Lost intelligence.
 98199 | Pan      | HP: 21/441 [tentacled monstrosity (21)]
 98199 | Pan      | HP: 5/441 [tentacled monstrosity (16)]
 98199 | Pan      | HP: 1/441 [tentacled monstrosity (4)]
 98199 | Pan      | Mangled by a tentacled monstrosity

Action                   |  1- 3 |  4- 6 |  7- 9 | 10-12 | 13-15 | 16-18 | 19-21 | 22-24 | 25-27 || total
-------------------------+-------+-------+-------+-------+-------+-------+-------+-------+-------++-------
Melee: Mace              |   105 |   184 |       |       |       |       |       |       |       ||   289
       Giant club        |       |    77 |    36 |       |       |       |       |       |       ||   113
       Giant spiked club |       |       |   300 |   568 |  1555 |  1828 |  1614 |  1657 |  2750 || 10272
       Unarmed           |       |       |       |       |    18 |       |       |       |       ||    18
       Lajatang          |       |       |       |       |       |       |       |    18 |       ||    18
 Fire: Hunting sling     |       |     3 |       |       |       |       |       |       |       ||     3
       Blowgun           |       |    10 |    30 |    62 |    42 |   103 |       |       |       ||   247
Throw: Stone             |       |     6 |     3 |       |       |       |       |       |       ||     9
       Tomahawk          |       |       |       |     5 |    48 |    86 |       |       |       ||   139
       Large rock        |       |       |       |       |       |    66 |   107 |   268 |   354 ||   795
       Javelin           |       |       |       |       |       |    18 |       |       |       ||    18
 Cast: Shroud of Golubri |     1 |    17 |     3 |    10 |     9 |     7 |       |     2 |    10 ||    59
       Blink             |       |     7 |       |     7 |     3 |     4 |     8 |    12 |    10 ||    51
       Repel Missiles    |       |     1 |     2 |    10 |     3 |     3 |    21 |    13 |    22 ||    75
       Apportation       |       |       |       |    31 |     1 |       |       |     2 |     5 ||    39
       Ozocubu's Armour  |       |       |       |       |     1 |    37 |    23 |    21 |    35 ||   117
       Condensation Shie |       |       |       |       |     1 |    31 |    19 |    19 |    26 ||    96
       Regeneration      |       |       |       |       |       |       |     4 |    38 |       ||    42
       Control Teleport  |       |       |       |       |       |       |     1 |     1 |     3 ||     5
       Portal Projectile |       |       |       |       |       |       |       |     6 |    13 ||    19
       Swiftness         |       |       |       |       |       |       |       |       |     2 ||     2
       Phase Shift       |       |       |       |       |       |       |       |       |     9 ||     9
       Passage of Golubr |       |       |       |       |       |       |       |       |     2 ||     2
Invok: Evolution         |       |       |       |    18 |    37 |     5 |    24 |    21 |       ||   105
       Growth            |       |       |       |       |     1 |       |     1 |     2 |       ||     4
       Rain              |       |       |       |       |     2 |       |       |       |       ||     2
       Divine Shield     |       |       |       |       |       |       |       |       |     3 ||     3
       Summon Divine War |       |       |       |       |       |       |       |       |     8 ||     8
       Cleansing Flame   |       |       |       |       |       |       |       |       |    16 ||    16
 Abil: Evoke Flight      |       |       |       |       |       |       |       |       |     1 ||     1
Evoke: Wand              |       |       |     1 |       |     3 |     3 |     2 |     6 |     9 ||    24
       Box of beasts     |       |       |       |     1 |     1 |       |       |       |       ||     2
       Rod               |       |       |       |       |     9 |    27 |    37 |     6 |     7 ||    86
       Phial of floods   |       |       |       |       |     1 |       |       |       |       ||     1
       Deck              |       |       |       |       |       |       |       |       |     4 ||     4
       Disc of storms    |       |       |       |       |       |       |       |       |     2 ||     2
  Use: Scroll            |     1 |     6 |    12 |    13 |    18 |    16 |    14 |    25 |    27 ||   132
       Potion            |       |     4 |       |     1 |     6 |     6 |     5 |    11 |    11 ||    44
 Stab: Distracted        |       |       |     1 |     3 |     3 |     4 |     5 |     5 |     7 ||    28
       Sleeping          |       |       |       |     3 |     2 |       |     1 |     2 |     1 ||     9
       Confused          |       |       |       |     7 |     7 |       |     1 |     5 |       ||    20
       Fleeing           |       |       |       |       |     1 |       |       |       |       ||     1
       Invisible         |       |       |       |       |     2 |       |       |       |       ||     2
       Paralysed         |       |       |       |       |       |     1 |       |       |       ||     1
       Petrifying        |       |       |       |       |       |       |       |       |     1 ||     1
  Eat: Chunk             |     1 |     7 |    13 |    25 |    55 |    66 |    43 |    39 |    39 ||   288
       Beef jerky        |       |     1 |     1 |       |     2 |     3 |     4 |     3 |     3 ||    17
       Fruit             |       |       |     2 |       |       |       |       |     1 |     6 ||     9
       Royal jelly       |       |       |       |     1 |       |       |       |       |     1 ||     2
       Pizza             |       |       |       |     4 |     2 |     2 |     1 |     3 |       ||    12
       Meat ration       |       |       |       |       |       |     1 |     2 |       |     7 ||    10
       Bread ration      |       |       |       |       |       |       |       |     1 |     2 ||     3
